Influenza vs Staline
(R1)
Created - 28 janvier 2013 at 19:00
Goals
|
| Influenza |
1 |
1 |
0 |
0 |
0 |
2 |
| Staline |
0 |
1 |
1 |
0 |
1 |
3 |
|
Shots
|
| Influenza |
10 |
10 |
12 |
2 |
3 |
34 |
| Staline |
15 |
11 |
10 |
3 |
3 |
39 |
|
1st period
1. Influenza , Ryan Carter 14 (Robbie Earl, Alexander Sulzer) at 15:34
Penalties :
Jamie McBain (VJB) for Tripping (Minor) at 0:03, Tomas Kana (StJ) for Roughing (Minor) at 4:49, Eric Hunter (StJ) for Charging (Minor) at 12:49, Juraj Mikus (VJB) for Hooking (Minor) at 12:49, Robbie Earl (VJB) for Tripping (Minor) at 17:05
2nd period
2. Staline , Nathan Smith 5 (Josh Green, Cam Janssen) at 3:28
3. Influenza , Ryan Carter 15 (Robbie Earl, Blake Comeau) at 19:46
Penalties :
Matt Carle (StJ) for Diving (Minor) at 0:16, Robbie Earl (VJB) for Elbowing (Minor) at 0:16, Devin Setoguchi (StJ) for Hooking (Minor) at 5:49, Cody McCormick (VJB) for Hooking (Minor) at 13:09
3rd period
4. Staline , Eric Hunter 1 (J.T. Wyman, Brock Trotter) at 17:03
Penalties :
Ryan Russell (VJB) for Hooking (Minor) at 3:18, Mike Sauer (StJ) for Hooking (Minor) at 6:55, Ryan Russell (VJB) for Roughing (Minor) at 14:34, Jamie McBain (VJB) for Holding (Minor) at 18:09
Overtime #1
No Goal
Penalties :
No Penalty
Shootout
Penalty Shot by Rob Schremp for Influenza - Shot Misses the Net
Penalty Shot by Alexandre Daigle for Staline - Stopped by Brent Krahn
Penalty Shot by Ryan Carter for Influenza - Stopped by Tobias Stephan
Penalty Shot by Yan Stastny for Staline - Stopped by Brent Krahn
Penalty Shot by Colton Orr for Influenza - Stopped by Tobias Stephan
Penalty Shot by Robert Dome for Staline - Goal!
Penalties :
No Penalty
Goalie Stats
Brent Krahn (VJB), 37 saves from 39 shots - (0,949), OTL, 10-6-6, 65:00 minutes
Tobias Stephan (StJ), 32 saves from 34 shots - (0,941), W, 4-1-0, 65:00 minutes
Players Stats for Influenza
Player Name G A P +/- PIM S H SB GA TA FO MP PP MP PK MP
------------------------------------------------------------------------------------
Alexander Sulzer 0 1 1 1 0 1 2 1 0 1 0/0 25:17 2:27 7:29
Blake Comeau 0 1 1 0 0 6 2 1 3 0 0/0 22:48 3:13 4:07
Brian Salcido 0 0 0 0 0 0 0 1 0 0 0/0 15:02 0:00 2:29
Carl Gunnarsson 0 0 0 -1 0 2 4 2 1 0 0/0 23:28 2:27 3:54
Charles Linglet 0 0 0 0 0 1 0 0 0 0 0/0 8:27 0:12 1:36
Cody McCormick 0 0 0 0 2 0 3 0 0 0 3/4 12:29 0:23 1:33
Colin McDonald 0 0 0 0 0 0 0 0 0 0 0/1 9:52 0:12 0:00
Colton Orr 0 0 0 -1 0 3 4 0 0 0 0/2 13:24 0:00 4:07
Jaime Sifers 0 0 0 1 0 1 1 0 0 1 0/0 27:23 3:30 4:25
Jamie McBain 0 0 0 1 4 5 2 3 0 3 0/0 26:18 3:30 5:00
Jeff Petry 0 0 0 -2 0 0 0 2 0 2 0/0 12:51 0:00 0:31
Juraj Mikus 0 0 0 1 2 1 1 0 0 0 0/4 7:12 0:00 0:23
Pierre-Cédric Labrie 0 0 0 0 0 0 4 0 0 0 0/0 9:39 0:00 0:00
Rob Schremp 0 0 0 0 0 1 2 2 1 0 12/27 23:33 2:50 6:00
Robbie Earl 0 2 2 1 4 2 0 2 0 1 0/1 16:23 3:13 0:00
Ryan Carter 2 0 2 1 0 6 3 0 0 0 13/25 22:19 2:44 5:53
Ryan Russell 0 0 0 -1 4 1 1 1 0 0 0/0 13:11 2:32 0:00
Ryan Vesce 0 0 0 -1 0 4 2 0 1 1 0/0 14:24 2:32 0:00
Players Stats for Staline
Player Name G A P +/- PIM S H SB GA TA FO MP PP MP PK MP
------------------------------------------------------------------------------------
Alexandre Daigle 0 0 0 -1 0 1 4 0 1 2 7/11 25:00 6:06 3:08
Brandon Prust 0 0 0 0 0 4 1 0 0 1 1/1 13:16 0:00 0:46
Brock Trotter 0 1 1 1 0 3 0 0 0 0 0/0 7:08 0:00 0:00
Cam Janssen 0 1 1 0 0 4 1 0 2 0 1/1 10:45 0:00 0:00
Devin Setoguchi 0 0 0 0 2 3 4 1 1 0 0/0 19:37 5:39 1:10
Eric Hunter 1 0 1 0 2 1 0 0 0 0 3/3 7:53 0:00 0:00
J.T. Wyman 0 1 1 1 0 4 0 0 0 1 2/2 9:22 0:00 1:30
Josh Green 0 1 1 0 0 1 1 0 0 0 0/0 14:49 5:39 0:00
Mark Stuart 0 0 0 -1 0 4 0 1 0 0 0/0 29:03 7:05 3:20
Matt Carle 0 0 0 -1 2 3 1 0 2 0 0/0 27:46 7:05 3:20
Matt Generous 0 0 0 2 0 0 1 0 0 1 0/0 11:39 0:00 0:00
Maxime Fortunus 0 0 0 -1 0 4 1 0 0 1 0/0 25:40 4:40 2:37
Mike Sauer 0 0 0 2 2 1 0 2 0 0 0/0 10:42 0:00 0:00
Nathan Smith 1 0 1 0 0 2 0 0 0 0 6/8 16:41 5:39 0:13
Robert Dome 0 0 0 0 0 3 1 0 2 0 0/4 20:50 6:06 1:49
T.J. Fast 0 0 0 -1 0 0 0 1 1 0 0/0 25:40 4:40 2:37
Tomas Kana 0 0 0 0 2 0 0 0 0 0 2/5 9:01 0:00 0:00
Yan Stastny 0 0 0 -1 0 1 4 0 0 0 14/29 25:08 6:06 3:18
3 Stars
1 - Ryan Carter (VJB)
2 - Brent Krahn (VJB)
3 - Tobias Stephan (StJ)
Power Play
Influenza - 0 on 3 Attempt(s) - 0,00%
Staline - 0 on 6 Attempt(s) - 0,00%
Penalty Kill
Influenza - 6 on 6 Attempt(s) - 100,00%
- Score 0 goal in Penalty Kill
Staline - 3 on 3 Attempt(s) - 100,00%
- Score 0 goal in Penalty Kill
Official
Referees : Walsh Ian and VanMassenhoven Don
Linesman : Ryan Galloway and Brad Kovachik
Game Notes
No Game Note
Influenza
5 vs 5 Forward
Center Left Wing Right Wing Time % Phy DF OF
1 Ryan Carter Robbie Earl Blake Comeau 40 1 1 3
2 Rob Schremp Ryan Russell Ryan Vesce 30 1 1 3
3 Cody McCormick Pierre-Cédric Labrie Colin McDonald 20 1 2 2
4 Juraj Mikus Charles Linglet Colton Orr 10 1 2 2
5 vs 5 Defense
Defense Defense Time % Phy DF OF
1 Jamie McBain Jaime Sifers 40 1 2 2
2 Brian Salcido Alexander Sulzer 30 1 2 2
3 Carl Gunnarsson Jeff Petry 20 1 2 2
4 Jamie McBain Jaime Sifers 10 1 2 2
PowerPlay Forward
Center Left Wing Right Wing Time % Phy DF OF
1 Rob Schremp Robbie Earl Blake Comeau 60 1 2 2
2 Ryan Carter Ryan Russell Ryan Vesce 40 1 2 2
PowerPlay Defense
Defense Defense Time % Phy DF OF
1 Jamie McBain Jaime Sifers 60 1 2 2
2 Carl Gunnarsson Alexander Sulzer 40 1 2 2
Penalty Kill 4 Players Forward
Center Wing Time % Phy DF OF
1 Rob Schremp Ryan Carter 60 1 2 2
2 Colton Orr Blake Comeau 40 1 2 2
Penalty Kill 4 Players Defense
Defense Defense Time % Phy DF OF
1 Jamie McBain Alexander Sulzer 60 1 2 2
2 Carl Gunnarsson Jaime Sifers 40 1 2 2
Penalty Kill - 3 Players Forward
Forward Time % Phy DF OF
1 Rob Schremp 60 1 2 2
2 Ryan Carter 40 1 2 2
Penalty Kill - 3 Players Defense
Defense Defense Time % Phy DF OF
1 Jamie McBain Alexander Sulzer 60 1 2 2
2 Carl Gunnarsson Jaime Sifers 40 1 2 2
4 vs 4 Forward
Center Wing Time % Phy DF OF
1 Rob Schremp Blake Comeau 60 1 2 2
2 Ryan Carter Robbie Earl 40 1 2 2
4 vs 4 Defense
Defense Defense Time % Phy DF OF
1 Jamie McBain Jaime Sifers 60 1 2 2
2 Carl Gunnarsson Alexander Sulzer 40 1 2 2
Last Minutes Offensive
Center Left Wing Right Wing Defense Defense
Rob Schremp Robbie Earl Colton Orr Jamie McBain Jaime Sifers
Last Minutes Defensive
Center Left Wing Right Wing Defense Defense
Rob Schremp Robbie Earl Colton Orr Jaime Sifers Alexander Sulzer
Goaltenders
Starting : Brent Krahn
Backup : Alex Stalock
Extra Forwards
Normal : Colton Orr, Ryan Vesce, Cody McCormick - PP : Ryan Vesce, Blake Comeau - PK : Cody McCormick
Extra Defensemen
Normal : Jamie McBain, Alexander Sulzer, Brian Salcido - PP : Jamie McBain - PK : Alexander Sulzer, Jamie McBain
Penalty Shots
Rob Schremp, Ryan Carter, Colton Orr, Blake Comeau, Robbie Earl
Staline
5 vs 5 Forward
Center Left Wing Right Wing Time % Phy DF OF
1 Yan Stastny Robert Dome Alexandre Daigle 40 1 2 2
2 Nathan Smith Josh Green Devin Setoguchi 30 1 2 2
3 Tomas Kana Brandon Prust Cam Janssen 20 1 2 2
4 Eric Hunter Brock Trotter J.T. Wyman 10 1 2 2
5 vs 5 Defense
Defense Defense Time % Phy DF OF
1 Mark Stuart Matt Carle 40 1 2 2
2 T.J. Fast Maxime Fortunus 30 1 2 2
3 Matt Generous Mike Sauer 20 1 2 2
4 Mark Stuart Matt Carle 10 1 2 2
PowerPlay Forward
Center Left Wing Right Wing Time % Phy DF OF
1 Yan Stastny Robert Dome Alexandre Daigle 60 1 2 2
2 Nathan Smith Josh Green Devin Setoguchi 40 1 2 2
PowerPlay Defense
Defense Defense Time % Phy DF OF
1 Mark Stuart Matt Carle 60 1 2 2
2 T.J. Fast Maxime Fortunus 40 1 2 2
Penalty Kill 4 Players Forward
Center Wing Time % Phy DF OF
1 Alexandre Daigle Yan Stastny 60 1 2 2
2 Robert Dome Devin Setoguchi 40 1 2 2
Penalty Kill 4 Players Defense
Defense Defense Time % Phy DF OF
1 Mark Stuart Matt Carle 60 1 2 2
2 T.J. Fast Maxime Fortunus 40 1 2 2
Penalty Kill - 3 Players Forward
Forward Time % Phy DF OF
1 Alexandre Daigle 60 1 2 2
2 Yan Stastny 40 1 2 2
Penalty Kill - 3 Players Defense
Defense Defense Time % Phy DF OF
1 Mark Stuart Matt Carle 60 1 2 2
2 T.J. Fast Maxime Fortunus 40 1 2 2
4 vs 4 Forward
Center Wing Time % Phy DF OF
1 Alexandre Daigle Yan Stastny 60 1 2 2
2 Robert Dome Devin Setoguchi 40 1 2 2
4 vs 4 Defense
Defense Defense Time % Phy DF OF
1 Mark Stuart Matt Carle 60 1 2 2
2 T.J. Fast Maxime Fortunus 40 1 2 2
Last Minutes Offensive
Center Left Wing Right Wing Defense Defense
Yan Stastny Robert Dome Alexandre Daigle Mark Stuart Matt Carle
Last Minutes Defensive
Center Left Wing Right Wing Defense Defense
Yan Stastny Robert Dome Alexandre Daigle Mark Stuart Matt Carle
Goaltenders
Starting : Tobias Stephan
Backup : Erik Ersberg
Extra Forwards
Normal : Brandon Prust, Cam Janssen, J.T. Wyman - PP : Brandon Prust, Cam Janssen - PK : J.T. Wyman
Extra Defensemen
Normal : Matt Generous, Mike Sauer, T.J. Fast - PP : Matt Generous - PK : Mike Sauer, T.J. Fast
Penalty Shots
Alexandre Daigle, Yan Stastny, Robert Dome, Devin Setoguchi, Josh Green
% Time on Ice - Influenza
Lines # - Real PCT - Wanted PCT - Time Play
Normal Forward
1 - 27% - 40% - 10:26
2 - 32% - 30% - 12:11
3 - 25% - 20% - 9:39
4 - 16% - 10% - 6:04
Normal Defense
1 - 36% - 40% - 13:41
2 - 34% - 30% - 13:13
3 - 30% - 20% - 11:26
4 - 0% - 10% - 0:00
PP Forward
1 - 54% - 60% - 3:13
2 - 46% - 40% - 2:44
PP Defense
1 - 59% - 60% - 3:30
2 - 41% - 40% - 2:27
PK Forward
1 - 65% - 60% - 7:38
2 - 35% - 40% - 4:07
PK Defense
1 - 67% - 60% - 7:51
2 - 33% - 40% - 3:54
PK3 Forward
1 - 100% - 60% - 0:09
2 - 0% - 40% - 0:00
PK3 Defense
1 - 100% - 60% - 0:09
2 - 0% - 40% - 0:00
44 Forward
1 - 69% - 60% - 6:06
2 - 31% - 40% - 2:43
44 Defense
1 - 53% - 60% - 4:41
2 - 47% - 40% - 4:08
Last Minute Offensive - 0:00
Last Minute Defensive - 0:00
Total
Forward - 65:00
Defense - 65:00
|
% Time on Ice - Staline
Lines # - Real PCT - Wanted PCT - Time Play
Normal Forward
1 - 34% - 40% - 13:02
2 - 24% - 30% - 9:10
3 - 23% - 20% - 9:00
4 - 19% - 10% - 7:08
Normal Defense
1 - 36% - 40% - 13:56
2 - 39% - 30% - 15:04
3 - 24% - 20% - 9:20
4 - 0% - 10% - 0:00
PP Forward
1 - 52% - 60% - 6:06
2 - 48% - 40% - 5:39
PP Defense
1 - 60% - 60% - 7:05
2 - 40% - 40% - 4:40
PK Forward
1 - 69% - 60% - 4:08
2 - 31% - 40% - 1:49
PK Defense
1 - 56% - 60% - 3:20
2 - 44% - 40% - 2:37
PK3 Forward
1 - 0% - 60%
2 - 0% - 40%
PK3 Defense
1 - 0% - 60%
2 - 0% - 40%
44 Forward
1 - 73% - 60% - 6:32
2 - 27% - 40% - 2:26
44 Defense
1 - 52% - 60% - 4:42
2 - 48% - 40% - 4:16
Last Minute Offensive - 0:00
Last Minute Defensive - 0:00
Total
Forward - 65:00
Defense - 65:00
|
Play by Play
1st period
0:01 of 1st period - Ryan Carter wins face-off versus Yan Stastny in neutral zone.
0:03 of 1st period - Minor Penalty to Jamie McBain for Tripping.
0:04 of 1st period - Rob Schremp wins face-off versus Yan Stastny in Influenza zone.
0:19 of 1st period - Snap shot by Alexandre Daigle.
0:19 of 1st period - Shot Misses the Net.
1:47 of 1st period - Icing by Matt Carle.
1:48 of 1st period - Yan Stastny wins face-off versus Colton Orr in Staline zone.
1:58 of 1st period - Alexander Sulzer is hit by Yan Stastny and loses puck.
2:03 of 1st period - Penalty to Jamie McBain is over, Jamie McBain is back on ice.
2:21 of 1st period - Snap shot by Blake Comeau.
2:21 of 1st period - Stopped by Tobias Stephan without a rebound.
2:22 of 1st period - Nathan Smith wins face-off versus Colin McDonald in Staline zone.
2:46 of 1st period - Pierre-Cédric Labrie is hit by Devin Setoguchi.
3:00 of 1st period - Slapshot by Matt Carle.
3:00 of 1st period - Deflect By Devin Setoguchi.
3:00 of 1st period - Stopped by Brent Krahn with a rebound.
3:06 of 1st period - Wrist shot by Devin Setoguchi.
3:06 of 1st period - Stopped by Brent Krahn with a rebound.
3:14 of 1st period - Wrist shot by Matt Carle.
3:14 of 1st period - Shot Blocked by Jeff Petry.
3:16 of 1st period - Wrist shot by Josh Green.
3:16 of 1st period - Shot Blocked by Carl Gunnarsson.
3:18 of 1st period - Slapshot by Mark Stuart.
3:18 of 1st period - Deflect By Josh Green.
3:18 of 1st period - Shot Blocked by Jeff Petry.
3:18 of 1st period - Puck is out of play.
3:19 of 1st period - Ryan Carter wins face-off versus Yan Stastny in Influenza zone.
3:19 of 1st period - Ryan Carter is hit by Alexandre Daigle.
3:35 of 1st period - Off-side.
3:36 of 1st period - Rob Schremp wins face-off versus Tomas Kana in neutral zone.
3:41 of 1st period - Snap shot by Ryan Vesce.
3:41 of 1st period - Shot Blocked by Mike Sauer.
3:43 of 1st period - Slapshot by Alexander Sulzer.
3:43 of 1st period - Shot Misses the Net.
3:45 of 1st period - Slapshot by Alexander Sulzer.
3:45 of 1st period - Stopped by Tobias Stephan without a rebound.
3:46 of 1st period - Tomas Kana wins face-off versus Rob Schremp in Staline zone.
3:59 of 1st period - Snap shot by Ryan Vesce.
3:59 of 1st period - Stopped by Tobias Stephan with a rebound.
4:01 of 1st period - Wrist shot by Ryan Russell.
4:01 of 1st period - Shot Misses the Net.
4:42 of 1st period - Slapshot by Rob Schremp.
4:42 of 1st period - Shot Blocked by Mike Sauer.
4:49 of 1st period - Minor Penalty to Tomas Kana for Roughing.
4:50 of 1st period - Cody McCormick wins face-off versus Alexandre Daigle in Staline zone.
4:53 of 1st period - Slapshot by Jamie McBain.
4:53 of 1st period - Deflect By Blake Comeau.
4:53 of 1st period - Stopped by Tobias Stephan without a rebound.
4:54 of 1st period - Alexandre Daigle wins face-off versus Cody McCormick in Staline zone.
5:07 of 1st period - Wrist shot by Blake Comeau.
5:07 of 1st period - Shot Misses the Net.
5:09 of 1st period - Wrist shot by Cody McCormick.
5:09 of 1st period - Shot Misses the Net.
6:49 of 1st period - Penalty to Tomas Kana is over, Tomas Kana is back on ice.
6:56 of 1st period - Slapshot by Brandon Prust.
6:56 of 1st period - Shot Misses the Net.
7:02 of 1st period - Cam Janssen is hit by Carl Gunnarsson and loses puck.
7:17 of 1st period - Snap shot by Brock Trotter.
7:17 of 1st period - Stopped by Brent Krahn with a rebound.
7:40 of 1st period - Brian Salcido is hit by Devin Setoguchi and loses puck.
8:50 of 1st period - Snap shot by Cam Janssen.
8:50 of 1st period - Deflect By Brandon Prust.
8:50 of 1st period - Stopped by Brent Krahn with a rebound.
9:22 of 1st period - Matt Carle is hit by Jamie McBain and loses puck.
10:03 of 1st period - Wrist shot by Brock Trotter.
10:03 of 1st period - Shot Misses the Net.
10:05 of 1st period - Wrist shot by J.T. Wyman.
10:05 of 1st period - Stopped by Brent Krahn with a rebound.
10:07 of 1st period - Snap shot by Mike Sauer.
10:07 of 1st period - Stopped by Brent Krahn without a rebound.
10:08 of 1st period - Eric Hunter wins face-off versus Juraj Mikus in Influenza zone.
10:11 of 1st period - Snap shot by Brock Trotter.
10:11 of 1st period - Stopped by Brent Krahn without a rebound.
10:12 of 1st period - Yan Stastny wins face-off versus Ryan Carter in Influenza zone.
10:17 of 1st period - Snap shot by Alexandre Daigle.
10:17 of 1st period - Shot Misses the Net.
10:19 of 1st period - Slapshot by Maxime Fortunus.
10:19 of 1st period - Stopped by Brent Krahn with a rebound.
10:49 of 1st period - Backhand shot by Maxime Fortunus.
10:49 of 1st period - Deflect By Rob Schremp.
10:49 of 1st period - Stopped by Brent Krahn with a rebound.
10:59 of 1st period - J.T. Wyman is hit by Pierre-Cédric Labrie and loses puck.
11:10 of 1st period - Off-side.
11:11 of 1st period - Ryan Carter wins face-off versus Robert Dome in neutral zone.
11:43 of 1st period - Snap shot by Matt Carle.
11:43 of 1st period - Stopped by Brent Krahn with a rebound.
11:57 of 1st period - Snap shot by Jamie McBain.
11:57 of 1st period - Stopped by Tobias Stephan with a rebound.
12:01 of 1st period - Snap shot by Colton Orr.
12:01 of 1st period - Stopped by Tobias Stephan without a rebound.
12:02 of 1st period - Eric Hunter wins face-off versus Juraj Mikus in Staline zone.
12:19 of 1st period - Maxime Fortunus is hit by Colton Orr and loses puck.
12:49 of 1st period - Minor Penalty to Eric Hunter for Charging.
12:49 of 1st period - Minor Penalty to Juraj Mikus for Hooking.
12:50 of 1st period - Rob Schremp wins face-off versus Alexandre Daigle in Staline zone.
13:01 of 1st period - Jaime Sifers is hit by Alexandre Daigle and loses puck.
13:06 of 1st period - Snap shot by Matt Carle.
13:06 of 1st period - Shot Misses the Net.
13:32 of 1st period - Snap shot by Robbie Earl.
13:32 of 1st period - Shot Misses the Net.
13:40 of 1st period - Snap shot by Robert Dome.
13:40 of 1st period - Stopped by Brent Krahn with a rebound.
14:21 of 1st period - Snap shot by Maxime Fortunus.
14:21 of 1st period - Stopped by Brent Krahn without a rebound.
14:22 of 1st period - Alexandre Daigle wins face-off versus Rob Schremp in Influenza zone.
14:39 of 1st period - Alexandre Daigle is hit by Ryan Carter and loses puck.
14:49 of 1st period - Penalty to Eric Hunter is over, Eric Hunter is back on ice.
14:49 of 1st period - Penalty to Juraj Mikus is over, Juraj Mikus is back on ice.
15:10 of 1st period - Snap shot by Ryan Carter.
15:10 of 1st period - Shot Misses the Net.
15:12 of 1st period - Slapshot by Alexander Sulzer.
15:12 of 1st period - Shot Blocked by T.J. Fast.
15:14 of 1st period - Snap shot by Robbie Earl.
15:14 of 1st period - Shot Misses the Net.
15:16 of 1st period - Snap shot by Juraj Mikus.
15:16 of 1st period - Stopped by Tobias Stephan with a rebound.
15:20 of 1st period - Snap shot by Ryan Carter.
15:20 of 1st period - Stopped by Tobias Stephan with a rebound.
15:22 of 1st period - Wrist shot by Robbie Earl.
15:22 of 1st period - Stopped by Tobias Stephan with a rebound.
15:30 of 1st period - Slapshot by Robbie Earl.
15:30 of 1st period - Shot Misses the Net.
15:32 of 1st period - Slapshot by Robbie Earl.
15:32 of 1st period - Shot Misses the Net.
15:34 of 1st period - Snap shot by Ryan Carter.
15:34 of 1st period - Goal by Ryan Carter - Influenza : 1 - Staline : 0.
15:35 of 1st period - Nathan Smith wins face-off versus Rob Schremp in neutral zone.
15:44 of 1st period - Wrist shot by Josh Green.
15:44 of 1st period - Shot Misses the Net.
16:00 of 1st period - Cody McCormick is hit by Brandon Prust and loses puck.
16:11 of 1st period - Wrist shot by Cam Janssen.
16:11 of 1st period - Stopped by Brent Krahn with a rebound.
16:41 of 1st period - Josh Green is hit by Colton Orr and loses puck.
16:48 of 1st period - Jaime Sifers is hit by Josh Green and loses puck.
16:56 of 1st period - Icing by Jaime Sifers.
16:57 of 1st period - Tomas Kana wins face-off versus Ryan Carter in Influenza zone.
17:00 of 1st period - Wrist shot by Cam Janssen.
17:00 of 1st period - Stopped by Brent Krahn without a rebound.
17:01 of 1st period - Ryan Carter wins face-off versus Tomas Kana in Influenza zone.
17:05 of 1st period - Minor Penalty to Robbie Earl for Tripping.
17:06 of 1st period - Yan Stastny wins face-off versus Rob Schremp in Influenza zone.
17:37 of 1st period - Backhand shot by Matt Carle.
17:37 of 1st period - Stopped by Brent Krahn with a rebound.
17:53 of 1st period - Jaime Sifers is hit by Matt Carle and loses puck.
19:05 of 1st period - Penalty to Robbie Earl is over, Robbie Earl is back on ice.
19:07 of 1st period - Backhand shot by Colton Orr.
19:07 of 1st period - Shot Misses the Net.
19:28 of 1st period - Slapshot by Brandon Prust.
19:28 of 1st period - Shot Misses the Net.
2nd period
0:01 of 2nd period - Ryan Carter wins face-off versus Yan Stastny in neutral zone.
0:04 of 2nd period - Snap shot by Jamie McBain.
0:04 of 2nd period - Stopped by Tobias Stephan without a rebound.
0:05 of 2nd period - Yan Stastny wins face-off versus Ryan Carter in Staline zone.
0:05 of 2nd period - Yan Stastny is hit by Ryan Carter.
0:16 of 2nd period - Minor Penalty to Matt Carle for Diving.
0:16 of 2nd period - Minor Penalty to Robbie Earl for Elbowing.
0:17 of 2nd period - Alexandre Daigle wins face-off versus Rob Schremp in Staline zone.
0:56 of 2nd period - Slapshot by Jamie McBain.
0:56 of 2nd period - Stopped by Tobias Stephan without a rebound.
0:57 of 2nd period - Alexandre Daigle wins face-off versus Ryan Carter in Staline zone.
1:07 of 2nd period - Snap shot by Colton Orr.
1:07 of 2nd period - Stopped by Tobias Stephan with a rebound.
1:21 of 2nd period - T.J. Fast is hit by Carl Gunnarsson and loses puck.
1:48 of 2nd period - Brandon Prust is hit by Colton Orr and loses puck.
1:52 of 2nd period - Icing by Brandon Prust.
1:53 of 2nd period - Brandon Prust wins face-off versus Ryan Carter in Staline zone.
1:53 of 2nd period - Brandon Prust is hit by Alexander Sulzer.
1:59 of 2nd period - Wrist shot by Brandon Prust.
1:59 of 2nd period - Stopped by Brent Krahn with a rebound.
2:01 of 2nd period - Snap shot by Brandon Prust.
2:01 of 2nd period - Stopped by Brent Krahn without a rebound.
2:02 of 2nd period - Alexandre Daigle wins face-off versus Rob Schremp in Influenza zone.
2:09 of 2nd period - Snap shot by Yan Stastny.
2:09 of 2nd period - Shot Blocked by Rob Schremp.
2:16 of 2nd period - Penalty to Matt Carle is over, Matt Carle is back on ice.
2:16 of 2nd period - Penalty to Robbie Earl is over, Robbie Earl is back on ice.
2:21 of 2nd period - Slapshot by Blake Comeau.
2:21 of 2nd period - Stopped by Tobias Stephan without a rebound.
2:22 of 2nd period - Nathan Smith wins face-off versus Ryan Carter in Staline zone.
2:27 of 2nd period - Slapshot by Ryan Carter.
2:27 of 2nd period - Stopped by Tobias Stephan with a rebound.
2:47 of 2nd period - Matt Carle is hit by Jamie McBain and loses puck.
2:54 of 2nd period - Snap shot by Ryan Vesce.
2:54 of 2nd period - Shot Misses the Net.
3:06 of 2nd period - Slapshot by Robert Dome.
3:06 of 2nd period - Shot Misses the Net.
3:26 of 2nd period - Wrist shot by Josh Green.
3:26 of 2nd period - Shot Misses the Net.
3:28 of 2nd period - Wrist shot by Nathan Smith.
3:28 of 2nd period - Goal by Nathan Smith - Influenza : 1 - Staline : 1.
3:29 of 2nd period - Ryan Carter wins face-off versus Yan Stastny in neutral zone.
3:32 of 2nd period - Slapshot by Jamie McBain.
3:32 of 2nd period - Shot Misses the Net.
3:44 of 2nd period - Jamie McBain is hit by Yan Stastny and loses puck.
4:47 of 2nd period - Snap shot by Matt Carle.
4:47 of 2nd period - Stopped by Brent Krahn with a rebound.
4:53 of 2nd period - Alexandre Daigle is hit by Pierre-Cédric Labrie and loses puck.
5:11 of 2nd period - Snap shot by Brock Trotter.
5:11 of 2nd period - Shot Misses the Net.
5:13 of 2nd period - Slapshot by Mark Stuart.
5:13 of 2nd period - Deflect By Carl Gunnarsson.
5:13 of 2nd period - Stopped by Brent Krahn with a rebound.
5:15 of 2nd period - Snap shot by Mark Stuart.
5:15 of 2nd period - Stopped by Brent Krahn without a rebound.
5:16 of 2nd period - Rob Schremp wins face-off versus Nathan Smith in Influenza zone.
5:20 of 2nd period - Off-side.
5:21 of 2nd period - Nathan Smith wins face-off versus Rob Schremp in neutral zone.
5:49 of 2nd period - Minor Penalty to Devin Setoguchi for Hooking.
5:50 of 2nd period - Rob Schremp wins face-off versus Alexandre Daigle in Staline zone.
5:51 of 2nd period - Wrist shot by Blake Comeau.
5:51 of 2nd period - Shot Blocked by Mark Stuart.
5:57 of 2nd period - Jamie McBain is hit by Alexandre Daigle and loses puck.
6:02 of 2nd period - Slapshot by Matt Carle.
6:02 of 2nd period - Shot Blocked by Jamie McBain.
6:04 of 2nd period - Snap shot by Yan Stastny.
6:04 of 2nd period - Shot Blocked by Jamie McBain.
6:06 of 2nd period - Slapshot by Matt Carle.
6:06 of 2nd period - Shot Blocked by Robbie Earl.
6:16 of 2nd period - Matt Carle is hit by Ryan Carter and loses puck.
6:23 of 2nd period - Snap shot by Ryan Vesce.
6:23 of 2nd period - Stopped by Tobias Stephan with a rebound.
6:25 of 2nd period - Slapshot by Ryan Vesce.
6:25 of 2nd period - Shot Misses the Net.
6:27 of 2nd period - Slapshot by Alexander Sulzer.
6:27 of 2nd period - Shot Misses the Net.
6:29 of 2nd period - Slapshot by Alexander Sulzer.
6:29 of 2nd period - Shot Misses the Net.
6:48 of 2nd period - Icing by Blake Comeau.
6:49 of 2nd period - Rob Schremp wins face-off versus Robert Dome in Influenza zone.
6:58 of 2nd period - J.T. Wyman is hit by Alexander Sulzer and loses puck.
7:49 of 2nd period - Penalty to Devin Setoguchi is over, Devin Setoguchi is back on ice.
8:21 of 2nd period - Brandon Prust is hit by Juraj Mikus and loses puck.
9:01 of 2nd period - Snap shot by Nathan Smith.
9:01 of 2nd period - Stopped by Brent Krahn without a rebound.
9:02 of 2nd period - Ryan Carter wins face-off versus Yan Stastny in Influenza zone.
9:09 of 2nd period - Snap shot by Robert Dome.
9:09 of 2nd period - Deflect By Alexandre Daigle.
9:09 of 2nd period - Shot Misses the Net.
9:09 of 2nd period - Puck is out of play.
9:10 of 2nd period - Ryan Carter wins face-off versus Yan Stastny in Influenza zone.
9:19 of 2nd period - Icing by Jeff Petry.
9:20 of 2nd period - Yan Stastny wins face-off versus Ryan Carter in Influenza zone.
9:21 of 2nd period - Snap shot by Alexandre Daigle.
9:21 of 2nd period - Shot Misses the Net.
9:33 of 2nd period - Wrist shot by Yan Stastny.
9:33 of 2nd period - Stopped by Brent Krahn with a rebound.
9:47 of 2nd period - Snap shot by J.T. Wyman.
9:47 of 2nd period - Stopped by Brent Krahn without a rebound.
9:48 of 2nd period - Eric Hunter wins face-off versus Rob Schremp in Influenza zone.
9:48 of 2nd period - Matt Carle is hit by Ryan Vesce.
10:42 of 2nd period - Slapshot by Ryan Carter.
10:42 of 2nd period - Stopped by Tobias Stephan with a rebound.
10:44 of 2nd period - Slapshot by Jamie McBain.
10:44 of 2nd period - Stopped by Tobias Stephan with a rebound.
11:52 of 2nd period - Slapshot by T.J. Fast.
11:52 of 2nd period - Shot Blocked by Carl Gunnarsson.
11:56 of 2nd period - Snap shot by Brandon Prust.
11:56 of 2nd period - Deflect By Cam Janssen.
11:56 of 2nd period - Stopped by Brent Krahn without a rebound.
11:57 of 2nd period - Ryan Carter wins face-off versus Yan Stastny in Influenza zone.
12:04 of 2nd period - Snap shot by Blake Comeau.
12:04 of 2nd period - Deflect By Ryan Carter.
12:04 of 2nd period - Shot Misses the Net.
12:04 of 2nd period - Puck is out of play.
12:05 of 2nd period - Ryan Carter wins face-off versus Yan Stastny in Staline zone.
12:19 of 2nd period - Icing by Mark Stuart.
12:20 of 2nd period - Yan Stastny wins face-off versus Ryan Carter in Staline zone.
12:25 of 2nd period - Jamie McBain is hit by Robert Dome and loses puck.
12:44 of 2nd period - Matt Carle is hit by Ryan Vesce and loses puck.
13:09 of 2nd period - Minor Penalty to Cody McCormick for Hooking.
13:10 of 2nd period - Rob Schremp wins face-off versus Yan Stastny in Influenza zone.
14:59 of 2nd period - Matt Carle is hit by Carl Gunnarsson.
15:03 of 2nd period - Mark Stuart is hit by Colton Orr.
15:09 of 2nd period - Penalty to Cody McCormick is over, Cody McCormick is back on ice.
15:35 of 2nd period - Jamie McBain is hit by Matt Generous and loses puck.
15:55 of 2nd period - T.J. Fast is hit by Pierre-Cédric Labrie and loses puck.
16:09 of 2nd period - Icing by Ryan Carter.
16:10 of 2nd period - J.T. Wyman wins face-off versus Ryan Carter in Influenza zone.
16:34 of 2nd period - J.T. Wyman is hit by Ryan Russell and loses puck.
17:14 of 2nd period - Backhand shot by Cam Janssen.
17:14 of 2nd period - Stopped by Brent Krahn with a rebound.
17:30 of 2nd period - Slapshot by Jamie McBain.
17:30 of 2nd period - Stopped by Tobias Stephan with a rebound.
17:32 of 2nd period - Slapshot by Jaime Sifers.
17:32 of 2nd period - Shot Misses the Net.
18:07 of 2nd period - Wrist shot by Cody McCormick.
18:07 of 2nd period - Shot Misses the Net.
18:09 of 2nd period - Snap shot by Cody McCormick.
18:09 of 2nd period - Shot Misses the Net.
18:19 of 2nd period - Yan Stastny is hit by Blake Comeau and loses puck.
19:42 of 2nd period - Slapshot by Ryan Carter.
19:42 of 2nd period - Shot Misses the Net.
19:46 of 2nd period - Snap shot by Ryan Carter.
19:46 of 2nd period - Goal by Ryan Carter - Influenza : 2 - Staline : 1.
19:47 of 2nd period - Yan Stastny wins face-off versus Robbie Earl in neutral zone.
3rd period
0:01 of 3rd period - Ryan Carter wins face-off versus Robert Dome in neutral zone.
0:33 of 3rd period - Slapshot by Josh Green.
0:33 of 3rd period - Stopped by Brent Krahn with a rebound.
0:35 of 3rd period - Slapshot by Josh Green.
0:35 of 3rd period - Shot Blocked by Rob Schremp.
0:37 of 3rd period - Snap shot by Devin Setoguchi.
0:37 of 3rd period - Shot Misses the Net.
0:39 of 3rd period - Wrist shot by Nathan Smith.
0:39 of 3rd period - Shot Blocked by Ryan Russell.
0:49 of 3rd period - Brandon Prust is hit by Cody McCormick and loses puck.
0:56 of 3rd period - Matt Generous is hit by Pierre-Cédric Labrie and loses puck.
1:43 of 3rd period - Wrist shot by Robbie Earl.
1:43 of 3rd period - Stopped by Tobias Stephan without a rebound.
1:44 of 3rd period - Rob Schremp wins face-off versus Yan Stastny in Staline zone.
2:38 of 3rd period - Wrist shot by Charles Linglet.
2:38 of 3rd period - Stopped by Tobias Stephan with a rebound.
2:55 of 3rd period - Icing by T.J. Fast.
2:56 of 3rd period - Rob Schremp wins face-off versus Yan Stastny in Staline zone.
2:57 of 3rd period - Wrist shot by Ryan Vesce.
2:57 of 3rd period - Stopped by Tobias Stephan with a rebound.
3:18 of 3rd period - Minor Penalty to Ryan Russell for Hooking.
3:19 of 3rd period - Yan Stastny wins face-off versus Rob Schremp in Influenza zone.
4:36 of 3rd period - Snap shot by Carl Gunnarsson.
4:36 of 3rd period - Stopped by Tobias Stephan without a rebound.
4:37 of 3rd period - Yan Stastny wins face-off versus Colton Orr in Staline zone.
5:18 of 3rd period - Penalty to Ryan Russell is over, Ryan Russell is back on ice.
6:33 of 3rd period - Wrist shot by Blake Comeau.
6:33 of 3rd period - Stopped by Tobias Stephan without a rebound.
6:34 of 3rd period - Yan Stastny wins face-off versus Ryan Carter in Staline zone.
6:43 of 3rd period - Snap shot by Blake Comeau.
6:43 of 3rd period - Deflect By Ryan Carter.
6:43 of 3rd period - Shot Misses the Net.
6:43 of 3rd period - Puck is out of play.
6:44 of 3rd period - Yan Stastny wins face-off versus Rob Schremp in Staline zone.
6:44 of 3rd period - Yan Stastny is hit by Rob Schremp.
6:50 of 3rd period - Snap shot by Alexandre Daigle.
6:50 of 3rd period - Stopped by Brent Krahn with a rebound.
6:52 of 3rd period - Slapshot by Mike Sauer.
6:52 of 3rd period - Shot Blocked by Jamie McBain.
6:54 of 3rd period - Snap shot by Alexandre Daigle.
6:54 of 3rd period - Shot Misses the Net.
6:55 of 3rd period - Minor Penalty to Mike Sauer for Hooking.
6:56 of 3rd period - Alexandre Daigle wins face-off versus Rob Schremp in Staline zone.
7:35 of 3rd period - Slapshot by Jaime Sifers.
7:35 of 3rd period - Stopped by Tobias Stephan with a rebound.
8:55 of 3rd period - Penalty to Mike Sauer is over, Mike Sauer is back on ice.
9:26 of 3rd period - Snap shot by J.T. Wyman.
9:26 of 3rd period - Shot Blocked by Brian Salcido.
9:28 of 3rd period - Snap shot by Brock Trotter.
9:28 of 3rd period - Stopped by Brent Krahn with a rebound.
9:30 of 3rd period - Snap shot by J.T. Wyman.
9:30 of 3rd period - Stopped by Brent Krahn without a rebound.
9:31 of 3rd period - J.T. Wyman wins face-off versus Juraj Mikus in Influenza zone.
10:02 of 3rd period - Icing by Jeff Petry.
10:03 of 3rd period - Cody McCormick wins face-off versus Yan Stastny in Influenza zone.
10:09 of 3rd period - Carl Gunnarsson is hit by Yan Stastny and loses puck.
10:24 of 3rd period - Icing by Robert Dome.
10:25 of 3rd period - Yan Stastny wins face-off versus Ryan Carter in Staline zone.
12:26 of 3rd period - Slapshot by Maxime Fortunus.
12:26 of 3rd period - Stopped by Brent Krahn with a rebound.
12:33 of 3rd period - Icing by Colin McDonald.
12:34 of 3rd period - Yan Stastny wins face-off versus Juraj Mikus in Influenza zone.
12:37 of 3rd period - Snap shot by Alexandre Daigle.
12:37 of 3rd period - Shot Misses the Net.
12:43 of 3rd period - Wrist shot by Colton Orr.
12:43 of 3rd period - Stopped by Tobias Stephan with a rebound.
13:06 of 3rd period - Wrist shot by Cam Janssen.
13:06 of 3rd period - Shot Blocked by Blake Comeau.
13:20 of 3rd period - Snap shot by Rob Schremp.
13:20 of 3rd period - Shot Blocked by Devin Setoguchi.
13:22 of 3rd period - Snap shot by Ryan Russell.
13:22 of 3rd period - Stopped by Tobias Stephan without a rebound.
13:23 of 3rd period - Nathan Smith wins face-off versus Rob Schremp in Staline zone.
13:58 of 3rd period - Snap shot by Rob Schremp.
13:58 of 3rd period - Stopped by Tobias Stephan without a rebound.
13:59 of 3rd period - Ryan Carter wins face-off versus Yan Stastny in Staline zone.
14:00 of 3rd period - Snap shot by Blake Comeau.
14:00 of 3rd period - Stopped by Tobias Stephan without a rebound.
14:01 of 3rd period - Ryan Carter wins face-off versus Yan Stastny in Staline zone.
14:34 of 3rd period - Minor Penalty to Ryan Russell for Roughing.
14:35 of 3rd period - Nathan Smith wins face-off versus Rob Schremp in Influenza zone.
14:36 of 3rd period - Wrist shot by Matt Carle.
14:36 of 3rd period - Deflect By Devin Setoguchi.
14:36 of 3rd period - Shot Blocked by Alexander Sulzer.
14:36 of 3rd period - Puck is out of play.
14:37 of 3rd period - Rob Schremp wins face-off versus Nathan Smith in Influenza zone.
15:08 of 3rd period - Wrist shot by Robert Dome.
15:08 of 3rd period - Stopped by Brent Krahn with a rebound.
15:10 of 3rd period - Snap shot by Mark Stuart.
15:10 of 3rd period - Stopped by Brent Krahn with a rebound.
15:12 of 3rd period - Slapshot by Mark Stuart.
15:12 of 3rd period - Stopped by Brent Krahn with a rebound.
15:44 of 3rd period - Charles Linglet is hit by Devin Setoguchi and loses puck.
16:34 of 3rd period - Penalty to Ryan Russell is over, Ryan Russell is back on ice.
16:44 of 3rd period - Jamie McBain is hit by Cam Janssen.
17:01 of 3rd period - Slapshot by J.T. Wyman.
17:01 of 3rd period - Stopped by Brent Krahn with a rebound.
17:03 of 3rd period - Wrist shot by Eric Hunter.
17:03 of 3rd period - Goal by Eric Hunter - Influenza : 2 - Staline : 2.
17:04 of 3rd period - Cody McCormick wins face-off versus Tomas Kana in neutral zone.
17:07 of 3rd period - Brandon Prust is hit by Cody McCormick.
17:19 of 3rd period - Slapshot by Carl Gunnarsson.
17:19 of 3rd period - Deflect By T.J. Fast.
17:19 of 3rd period - Stopped by Tobias Stephan with a rebound.
17:31 of 3rd period - Carl Gunnarsson is hit by Yan Stastny and loses puck.
17:40 of 3rd period - Snap shot by Ryan Carter.
17:40 of 3rd period - Deflect By Blake Comeau.
17:40 of 3rd period - Stopped by Tobias Stephan with a rebound.
18:07 of 3rd period - Devin Setoguchi is hit by Jaime Sifers and loses puck.
18:09 of 3rd period - Minor Penalty to Jamie McBain for Holding.
18:10 of 3rd period - Yan Stastny wins face-off versus Rob Schremp in Influenza zone.
18:45 of 3rd period - Colton Orr is hit by Devin Setoguchi and loses puck.
19:20 of 3rd period - T.J. Fast is hit by Cody McCormick and loses puck.
Overtime #1
0:01 of 1st overtime period - Alexandre Daigle wins face-off versus Rob Schremp in neutral zone.
0:09 of 1st overtime period - Penalty to Jamie McBain is over, Jamie McBain is back on ice.
0:10 of 1st overtime period - Wrist shot by Mark Stuart.
0:10 of 1st overtime period - Deflect By Yan Stastny.
0:10 of 1st overtime period - Shot Misses the Net.
0:10 of 1st overtime period - Puck is out of play.
0:11 of 1st overtime period - Rob Schremp wins face-off versus Alexandre Daigle in Influenza zone.
1:20 of 1st overtime period - T.J. Fast is hit by Carl Gunnarsson.
1:24 of 1st overtime period - Slapshot by Ryan Vesce.
1:24 of 1st overtime period - Stopped by Tobias Stephan with a rebound.
1:53 of 1st overtime period - Alexander Sulzer is hit by Alexandre Daigle.
3:04 of 1st overtime period - Wrist shot by Robert Dome.
3:04 of 1st overtime period - Stopped by Brent Krahn with a rebound.
3:06 of 1st overtime period - Wrist shot by Devin Setoguchi.
3:06 of 1st overtime period - Shot Blocked by Robbie Earl.
3:08 of 1st overtime period - Snap shot by Devin Setoguchi.
3:08 of 1st overtime period - Stopped by Brent Krahn with a rebound.
3:49 of 1st overtime period - Ryan Vesce is hit by Maxime Fortunus and loses puck.
4:08 of 1st overtime period - Snap shot by Ryan Carter.
4:08 of 1st overtime period - Stopped by Tobias Stephan without a rebound.
4:09 of 1st overtime period - Cam Janssen wins face-off versus Ryan Carter in Staline zone.
4:18 of 1st overtime period - Snap shot by Brandon Prust.
4:18 of 1st overtime period - Stopped by Brent Krahn with a rebound.
4:30 of 1st overtime period - Yan Stastny is hit by Rob Schremp and loses puck.
4:45 of 1st overtime period - Snap shot by Devin Setoguchi.
4:45 of 1st overtime period - Shot Misses the Net.
4:47 of 1st overtime period - Snap shot by Devin Setoguchi.
4:47 of 1st overtime period - Deflect By Carl Gunnarsson.
4:47 of 1st overtime period - Shot Misses the Net.
4:47 of 1st overtime period - Puck is out of play.
4:48 of 1st overtime period - Rob Schremp wins face-off versus Robert Dome in Influenza zone.
4:59 of 1st overtime period - Matt Carle is hit by Blake Comeau.
ShootOut
5:00 of 1st overtime period - Penalty Shot by Rob Schremp for Influenza.
5:00 of 1st overtime period - Wrist shot by Rob Schremp.
5:00 of 1st overtime period - Shot Misses the Net.
5:00 of 1st overtime period - Penalty Shot by Alexandre Daigle for Staline.
5:00 of 1st overtime period - Deke by Alexandre Daigle.
5:00 of 1st overtime period - Stopped by Brent Krahn.
5:00 of 1st overtime period - Penalty Shot by Ryan Carter for Influenza.
5:00 of 1st overtime period - Snap shot by Ryan Carter.
5:00 of 1st overtime period - Stopped by Tobias Stephan.
5:00 of 1st overtime period - Penalty Shot by Yan Stastny for Staline.
5:00 of 1st overtime period - Snap shot by Yan Stastny.
5:00 of 1st overtime period - Stopped by Brent Krahn.
5:00 of 1st overtime period - Penalty Shot by Colton Orr for Influenza.
5:00 of 1st overtime period - Wrist shot by Colton Orr.
5:00 of 1st overtime period - Stopped by Tobias Stephan.
5:00 of 1st overtime period - Penalty Shot by Robert Dome for Staline.
5:00 of 1st overtime period - Snap shot by Robert Dome.
5:00 of 1st overtime period - Goal by Robert Dome.
Output by the SimonT Hockey Simulator (STHS) for François Prévost -- Original Page W3C XHTML 1.0 Valid